 Dungeon Crawl Stone Soup version 0.30.0-29-ga12c61a403 (webtiles) character file.

Game seed: 16842523285017246218

198 FallenXxXSky the Chucker (level 5, 0/64 HPs)
             Began as a Gnoll Wanderer on June 26, 2023.
             Was a Priest of Cheibriados.
             Slain by Sigmund
             ... wielding a +0 scythe
              (2 damage)
             ... on level 3 of the Dungeon.
             The game lasted 00:06:19 (1960 turns).

FallenXxXSky the Chucker (Gnoll Wanderer)           Turns: 1960, Time: 00:06:19

Health: 0/64       AC:  7    Str: 17    XL:     5   Next: 77%
Magic:  9/9        EV: 10    Int: 17    God:    Cheibriados [***...]
Gold:   25         SH:  0    Dex: 20    Spells: 9/10 levels left

rFire   . . .        r - +2 long sword (protect)
rCold   . . .        (no shield)
rNeg    . . .        t - +0 scale mail
rPois   .            m - +0 hat
rElec   .            (no cloak)
rCorr   .            (no gloves)
SInv    .            q - +0 pair of boots
Will    +....        (no amulet) Stlth
                     h - ring of willpower
HPRegen 0.30/turn    (no ring)
MPRegen 0.11/turn

%: no passive effects
@: berserking, very slow
A: fangs 1, strong nose, distributed training
a: Renounce Religion, Bend Time, Temporal Distortion


You were on level 3 of the Dungeon.
You worshipped Cheibriados.
Cheibriados was most pleased with you.
You visited 1 branch of the dungeon, and saw 3 of its levels.

You collected 109 gold pieces.
You spent 84 gold pieces at shops.

Inventory:

Hand Weapons
 a - a +2 short sword
 c - a +0 dagger
 r - a +2 long sword of protection (weapon)
Missiles
 b - 19 poisoned darts (quivered)
Armour
 m - a +0 hat (worn)
 q - a +0 pair of boots (worn)
 t - a +0 scale mail (worn)
Jewellery
 h - a ring of willpower (left hand)
Scrolls
 d - a scroll of fear
 f - a scroll of brand weapon {unknown}
 g - a scroll of silence
 i - 2 scrolls of magic mapping
 l - a scroll of enchant armour {unknown}
 n - a scroll of immolation {unknown}
 o - a scroll of noise {unknown}
 s - a scroll of identify
 u - a scroll of amnesia {unknown}
Potions
 e - a potion of mutation
 j - 2 potions of curing
 p - a potion of heal wounds {unknown}


   Skills:
 + Level 4.9 Fighting
 + Level 4.9 Short Blades
 + Level 1.7 Long Blades
 + Level 1.7 Axes
 + Level 1.7 Maces & Flails
 + Level 1.7 Polearms
 + Level 1.7 Staves
 + Level 1.7 Ranged Weapons
 + Level 4.9 Throwing
 + Level 3.1 Armour
 + Level 1.7 Dodging
 + Level 1.7 Stealth
 + Level 1.7 Shields
 + Level 1.7 Unarmed Combat
 + Level 3.3 Spellcasting
 + Level 1.3 Conjurations
 + Level 4.0 Hexes
 + Level 1.3 Summonings
 + Level 1.3 Necromancy
 + Level 1.3 Translocations
 + Level 1.3 Transmutations
 + Level 1.3 Fire Magic
 + Level 1.3 Ice Magic
 + Level 1.3 Air Magic
 + Level 1.3 Earth Magic
 + Level 1.3 Poison Magic
 + Level 1.9 Invocations
 + Level 1.7 Evocations


You had 9 spell levels left.
You knew the following spells:

 Your Spells              Type           Power      Damage    Failure   Level
a - Slow                  Hex            64%        N/A       11%         1

Your spell library contained the following spells:

 Spells                   Type           Power      Damage    Failure   Level
 Beastly Appendage        Tmut           14%        N/A       32%         1
 Wereblood                Tmut           7%         N/A       43%         2
 Inner Flame              Hex/Fire       12%        N/A       50%         3
 Spider Form              Tmut/Pois      7%         N/A       67%         3


Dungeon Overview and Level Annotations

Branches:
Dungeon (3/15)

Altars:
Cheibriados

Shops:
D:2 ![(?*

Annotations:
D:3 Sigmund


Innate Abilities, Weirdness & Mutations

You have very sharp teeth.
Your uncanny sense of smell can sniff out nearby items.
Your experience applies equally to all skills.


Message History

Your weapon exudes an aura of protection.
You kill the giant cockroach!
Cheibriados appreciates the change of pace.
You can now warp the flow of time around you.
The bat barely misses you. The bat hits you but does no damage.
The bat barely misses you.
You miss the bat. The bat hits you but does no damage. x2
You barely miss the bat. The bat barely misses you.
The bat hits you but does no damage. The bat closely misses you.
You slash the bat!
Your weapon exudes an aura of protection.
You kill the bat!
Cheibriados thoroughly appreciates the change of pace.
You hit the frilled lizard.
The frilled lizard is heavily wounded.
The frilled lizard barely misses you. Something hits you.
The frilled lizard bites you but does no damage.
You completely miss the frilled lizard. Something hits you but does no damage.
The frilled lizard bites you but does no damage.
You hit the frilled lizard.
You kill the frilled lizard!
Cheibriados thoroughly appreciates the change of pace.
Something hits you but does no damage. Something hits you but does no damage.
You see here a giant cockroach corpse.
You slash something! Something hits you but does no damage.
You barely miss something. Something hits you!
You hit something. Something hits you.
You miss something.
You hear some strange, mumbled words.
A puff of flame appears from out of thin air!
The puff of flame hits you!
* * * LOW HITPOINT WARNING * * *
You closely miss something. Something hits you.
* * * LOW HITPOINT WARNING * * *
It was a potion of berserk rage.
A red film seems to cover your vision as you go berserk!
Cheibriados protects you from inadvertent hurry.
You feel mighty! Something hits you.
You die...

.l ∆ ##b ## #..
##.# #..####.##
#........#
.###..)....##
#.........#..#
#########b#{##
##.#@# ##..#.##
##...#..#
#.########......##
#................#
######.........##
#..).†.......#.#
#.####.####..#.#
#.# #.# ##.#>#


There were no monsters in sight!

Vanquished Creatures
  An orc priest (D:3)
  2 orc wizards (D:3)
  2 adders
  4 gnolls (D:3)
  A worm (D:3)
  A dart slug (D:2)
  5 orcs (D:3)
  5 endoplasms
  5 giant cockroaches
  7 goblins
  3 hobgoblins
  2 quokkas
  A ball python (D:1)
  5 bats
  4 frilled lizards
  3 kobolds
  4 rats
55 creatures vanquished.

Notes
Turn   | Place    | Note
-------+----------+-------------------------------------------
     0 | D:1      | FallenXxXSky the Gnoll Wanderer began the quest for the
                  | Orb.
     0 | D:1      | FallenXxXSky set off with the following items: a +2 short
                  | sword, 15 poisoned darts, a +0 dagger, a scroll of fear, a
                  | +0 robe; and the following spell memorised: Slow; and the
                  | following spells available to memorise: Inner Flame.
     0 | D:1      | Reached XP level 1. HP: 20/20 MP: 4/4
   198 | D:1      | Reached XP level 2. HP: 26/26 MP: 5/5
   198 | D:1      | Found a faded altar of an unknown god.
   218 | D:1      | Prayed at the altar of an unknown god.
   218 | D:1      | Became a worshipper of Cheibriados the Contemplative
   218 | D:1      | Reached * piety under Cheibriados
   838 | D:2      | Reached XP level 3. HP: 28/31 MP: 7/7
   880 | D:2      | Found Somass's General Store.
   886 | D:2      | Found Tokin's Magic Scroll Shop.
   889 | D:2      | Bought a scroll of identify for 28 gold pieces
   889 | D:2      | Bought a potion of curing for 42 gold pieces
   950 | D:2      | Found Roarchuo's Weapon Shop.
   962 | D:2      | Reached ** piety under Cheibriados
   990 | D:2      | Reached skill level 1 in Invocations
  1064 | D:2      | Found Nalaykk's Armour Emporium.
  1105 | D:2      | Reached skill level 1 in Long Blades
  1105 | D:2      | Reached skill level 1 in Axes
  1105 | D:2      | Reached skill level 1 in Maces & Flails
  1105 | D:2      | Reached skill level 1 in Polearms
  1105 | D:2      | Reached skill level 1 in Staves
  1105 | D:2      | Reached skill level 1 in Ranged Weapons
  1105 | D:2      | Reached skill level 1 in Dodging
  1105 | D:2      | Reached skill level 1 in Stealth
  1105 | D:2      | Reached skill level 1 in Shields
  1105 | D:2      | Reached skill level 1 in Unarmed Combat
  1105 | D:2      | Reached skill level 1 in Evocations
  1204 | D:2      | Found Wamietim's Distillery.
  1218 | D:2      | Bought a potion of degeneration for 14 gold pieces
  1465 | D:3      | Reached XP level 4. HP: 38/38 MP: 8/8
  1472 | D:3      | Reached skill level 1 in Conjurations
  1472 | D:3      | Reached skill level 1 in Summonings
  1472 | D:3      | Reached skill level 1 in Necromancy
  1472 | D:3      | Reached skill level 1 in Translocations
  1472 | D:3      | Reached skill level 1 in Transmutations
  1472 | D:3      | Reached skill level 1 in Fire Magic
  1472 | D:3      | Reached skill level 1 in Ice Magic
  1472 | D:3      | Reached skill level 1 in Air Magic
  1472 | D:3      | Reached skill level 1 in Earth Magic
  1472 | D:3      | Reached skill level 1 in Poison Magic
  1840 | D:3      | Reached XP level 5. HP: 43/43 MP: 9/9
  1931 | D:3      | Noticed Sigmund
  1947 | D:3      | Reached *** piety under Cheibriados
  1959 | D:3      | HP: 1/43 [something (4)]
  1960 | D:3      | Slain by Sigmund

Illustrated notes

Levels and vault maps discovered:
D:1:      dpeg_arrival_snail, layout_basic, dreamdust_ecumenical_altar_grove,
          nicolae_titane
D:2:      layout_rooms, serial_shops, shop, shop, nicolae_shop_crystal, shop,
          shop, serial_bayou_lagoon_a
D:3:      layout_loops_ring, uniq_crazy_yiuf_cottage, uniq_sigmund

Skill      XL: |  1  2  3  4  5 |
---------------+----------------+-----
Invocations    | 1 |  1.9
Long Blades    | 1 |  1.7
Axes           | 1 |  1.7
Maces & Flails | 1 |  1.7
Polearms       | 1 |  1.7
Staves         | 1 |  1.7
Ranged Weapons | 1 |  1.7
Dodging        | 1 |  1.7
Stealth        | 1 |  1.7
Shields        | 1 |  1.7
Unarmed Combat | 1 |  1.7
Evocations     | 1 |  1.7
Spellcasting   | 3 |  3.3
Conjurations   | 1 |  1.3
Summonings     | 1 |  1.3
Necromancy     | 1 |  1.3
Translocations | 1 |  1.3
Transmutations | 1 |  1.3
Fire Magic     | 1 |  1.3
Ice Magic      | 1 |  1.3
Air Magic      | 1 |  1.3
Earth Magic    | 1 |  1.3
Poison Magic   | 1 |  1.3
Armour         | 3 |  3.1
Hexes          | 4 |  4.0
Fighting       | |  4.9
Short Blades   | |  4.9
Throwing       | |  4.9

Action                     |  1- 3 |  4- 6 || total
---------------------------+-------+-------++-------
  Melee: Short sword       |    86 |       ||    86
         Bite              |     8 |     4 ||    12
         Long sword        |     8 |    64 ||    72
    Use: Scroll            |     3 |       ||     3
         Potion            |       |     1 ||     1
   Stab: Sleeping          |     2 |       ||     2
 Armour: Robe              |     6 |       ||     6
         Ring mail         |    15 |     8 ||    23
         Scale mail        |       |    40 ||    40
  Dodge: Dodged            |    40 |    48 ||    88
